 Dungeon Crawl Stone Soup version 0.29.1-12-g30fa7ad0bf (webtiles) character file.

Game seed: 1667012815499477267

711 LLlMATKO the Trooper (level 7, -21/94 HPs)
             Began as a Minotaur Berserker on Dec 23, 2022.
             Was a Priest of Trog.
             Demolished by a two-headed ogre
             ... wielding a +0 giant club
              (28 damage)
             ... on level 5 of the Dungeon.
             The game lasted 00:04:53 (5056 turns).

LLlMATKO the Trooper (Minotaur Berserker)           Turns: 5056, Time: 00:04:54

Health: -21/94     AC: 14    Str: 21    XL:     7   Next: 40%
Magic:  6/6        EV:  8    Int:  4    God:    Trog [***...]
Gold:   354        SH:  0    Dex: 12    Spells: 6/6 levels left

rFire   . . .      SeeInvis .   u - +0 war axe
rCold   . . .      Faith    .   (no shield)
rNeg    . . .      Spirit   .   k - +0 plate armour
rPois   .          Reflect  .   (helmet restricted)
rElec   .          Harm     .   t - scarf {repulsion}
rCorr   .          Rampage  .   (no gloves)
Will    .....                   w - +1 pair of boots
Stlth   ..........              (no amulet)
HPRegen 0.25/turn               (no ring)
MPRegen 0.10/turn               (no ring)

@: berserking (expiring), repel missiles, very quick
A: horns 2, retaliatory headbutt
a: Renounce Religion, Berserk, Trog's Hand


You were on level 5 of the Dungeon.
You worshipped Trog.
Trog was most pleased with you.
You visited 1 branch of the dungeon, and saw 5 of its levels.

You collected 354 gold pieces.

Inventory:

Hand Weapons
 u - a +0 war axe (weapon)
Armour
 k - a +0 plate armour (worn)
 t - a scarf of repulsion (worn)
 w - a +1 pair of boots (worn)
Wands
 o - a wand of polymorph (12)
 s - a wand of iceblast (11)
 v - a wand of light (13)
Scrolls
 a - a scroll of silence {unknown}
 c - a scroll of immolation {unknown}
 e - 3 scrolls of magic mapping {unknown}
 f - a scroll of butterflies {unknown}
 i - a scroll of brand weapon {unknown}
 j - 4 scrolls of identify {unknown}
 l - 2 scrolls of poison {unknown}
 m - 2 scrolls of teleportation {unknown}
 p - a scroll of blinking {unknown}
Potions
 b - a potion of lignification {unknown}
 d - 4 potions of heal wounds {unknown}
 g - 3 potions of berserk rage {unknown}
 h - a potion of brilliance {unknown}
 n - 2 potions of might {unknown}
 q - 2 potions of curing {unknown}
 r - 2 potions of flight {unknown}
 x - a potion of attraction {unknown}


   Skills:
 + Level 6.1 Fighting
 + Level 6.0 Axes
 + Level 5.4 Armour
 + Level 5.0 Dodging


You had 6 spell levels left.
You didn't know any spells.
Your spell library was empty.

Dungeon Overview and Level Annotations

Branches:
Dungeon (5/15)             Temple (0/1) D:5

Altars:
Ashenzari
Trog


Innate Abilities, Weirdness & Mutations

You have a pair of horns on your head.
You reflexively headbutt those who attack you in melee.


Message History

A two-headed ogre comes into view. It is wielding two +0 giant clubs.
The two-headed ogre shouts in stereo!
You hear a shout!
Found a scroll labelled NIHEAM YFREHOBB.
A hound comes into view.
An orc comes into view. It is wielding a +0 mace.
The orc shouts!
The hound barks!
The two-headed ogre hits you with a +0 giant club! x2
You hit the two-headed ogre.
The two-headed ogre is lightly wounded.
An ice beast comes into view.
The two-headed ogre misses you.
The two-headed ogre hits you with a +0 giant club!!
* * * LOW HITPOINT WARNING * * *
The ice beast moves out of view.
A red film seems to cover your vision as you go berserk!
You feel yourself moving faster!
You feel mighty! The two-headed ogre closely misses you.
The two-headed ogre hits you with a +0 giant club!
* * * LOW HITPOINT WARNING * * *
You closely miss the two-headed ogre. You headbutt the two-headed ogre.
The two-headed ogre is lightly wounded.
You slash the hound! The hound barely misses you.
You slash the two-headed ogre!
The two-headed ogre is moderately wounded.
You slash the hound! The hound closely misses you.
The two-headed ogre barely misses you. The two-headed ogre closely misses you.
You slash the two-headed ogre!
The two-headed ogre is heavily wounded.
You miss the hound.
The hound bites you but does no damage. x2
You slash the two-headed ogre!
The two-headed ogre is severely wounded.
You slice the hound!!
You kill the hound!
Trog accepts your kill.
You closely miss the orc. The orc barely misses you. You furiously retaliate!
You headbutt the orc!
You kill the orc!
Trog accepts your kill.
The two-headed ogre hits you with a +0 giant club!!
You die...

..# .. .# ...##.#
#.## ..?....#...
........# .
.......# #.
#.....## .. #.
#.O)..# ..## #.
#@..#### ...# ...
#...##.##.... ....
##.....#..##......
#.........#.≈~.~~
#....).........~~
###.#....###.~~~♣
##.........≈.~.
#.......~~...~
##........≈.~#


You could see a two-headed ogre.

Vanquished Creatures
  A water moccasin (D:5)
  2 ogres (D:5)
  A necrophage (D:5)
  2 scorpions (D:5)
  3 hounds
  An orc wizard (D:4)
  3 gnolls (D:3)
  5 adders
  2 white imps
  An ufetubus (D:5)
  2 worms (D:2)
  A dart slug (D:2)
  8 orcs
  6 bats
  7 endoplasms
  10 goblins
  4 hobgoblins
  3 jackals (D:4)
  9 kobolds
  4 quokkas (D:1)
  9 ball pythons
  3 frilled lizards
  4 rats
91 creatures vanquished.

Vanquished Creatures (others)
  2 fungi (D:4)
2 creatures vanquished.

Grand Total: 93 creatures vanquished

Notes
Turn   | Place    | Note
-------+----------+-------------------------------------------
     0 | D:1      | LLlMATKO the Minotaur Berserker began the quest for the
                  | Orb.
     0 | D:1      | Reached XP level 1. HP: 19/19 MP: 0/0
   368 | D:1      | Reached XP level 2. HP: 23/27 MP: 1/1
  1033 | D:1      | Reached ** piety under Trog
  1248 | D:2      | Found a broken altar of Ashenzari.
  1257 | D:2      | Reached XP level 3. HP: 33/33 MP: 2/2
  2308 | D:2      | Reached XP level 4. HP: 24/41 MP: 3/3
  2525 | D:2      | Found a faded altar of an unknown god.
  3043 | D:3      | Identified the +0 ring mail "Nioxal" {Str-3 Dex+5}
  3578 | D:3      | Found a bloodstained altar of Trog.
  3794 | D:4      | Reached XP level 5. HP: 47/47 MP: 4/4
  3799 | D:4      | Found a broken altar of Ashenzari.
  4021 | D:4      | Reached *** piety under Trog
  4455 | D:5      | Entered Level 5 of the Dungeon
  4466 | D:5      | Found a staircase to the Ecumenical Temple.
  4473 | D:5      | Noticed an ogre
  4479 | D:5      | Killed an ogre
  4480 | D:5      | Reached skill level 5 in Fighting
  4480 | D:5      | Reached skill level 5 in Axes
  4480 | D:5      | Reached XP level 6. HP: 56/56 MP: 5/5
  4590 | D:5      | Reached skill level 5 in Armour
  4602 | D:5      | Reached XP level 7. HP: 48/62 MP: 6/6
  5044 | D:5      | Reached skill level 5 in Dodging
  5047 | D:5      | Noticed a two-headed ogre
  5056 | D:5      | Demolished by a two-headed ogre

Illustrated notes

Levels and vault maps discovered:
D:1:      noname_arrival_rooms_in_the_neighbourhood, layout_rooms,
          grunt_decor_mini_mirrors, minmay_parallelograms,
          minmay_misc_feat_four_crosses
D:2:      minmay_skewed_foursquare, layout_basic,
          nicolae_ecumenical_lake_church, basic_altar, minmay_misc_feat_square,
          minmay_pentomino_z2
D:3:      layout_basic, trog_hazing_becter
D:4:      layout_basic, mainiacjoe_overflow_tiny_flanked
D:5:      layout_cave_pools, minmay_temple_entry_hall,
          chequers_serial_rivers_marsh, minmay_misc_feat_enclosed,
          corexii_item_surrounded_by_moat, dk_noncrumbling_4

Skill      XL: |  1  2  3  4  5  6  7 |
---------------+----------------------+-----
Fighting       | 4 5 6 |  6.1
Axes           | 4 5 6 |  6.0
Armour         | 3 4 5 |  5.4
Dodging        | 3 4 5 |  5.0

Action                   |  1- 3 |  4- 6 |  7- 9 || total
-------------------------+-------+-------+-------++-------
Melee: Hand axe          |   113 |    54 |       ||   167
       Headbutt          |    10 |    13 |     5 ||    28
       War axe           |       |    40 |    36 ||    76
       Punch             |       |       |     1 ||     1
Invok: Berserk           |     1 |     3 |     1 ||     5
Armor: Animal skin       |    23 |       |       ||    23
       Plate armour      |    24 |    82 |    24 ||   130
Dodge: Dodged            |    52 |    40 |    24 ||   116
       Repelled          |       |     1 |       ||     1
